Map: Eastwatch LE

Players

Manicus

  • Race: Terran Terran
  • Spawn Location: 1:00

fruitcake - Winner!

  • Race: Terran Terran
  • Spawn Location: 7:00

VOD

Have the link to the VOD?

Description

Time

  • Played on: May 9, 2018, 5:21 p.m.
  • Length: 9:20
Show
View Real Time Build Order
Export as new Build Order

Manicus Terran 

Build Orders:  

Get SALT Encoding   

  12  0:01  SCV  
  13  0:14  SCV  
  14  0:26  SCV  
  15  0:37  Supply Depot  
  15  0:41  Supply Depot  
  15  0:51  Refinery  
  15  0:58  SCV  
  16  1:04  Barracks  
  16  1:10  SCV  
  17  1:20  Refinery  
  17  1:22  SCV  
  17  1:24  Refinery  
  18  1:34  SCV  
  19  1:44  Supply Depot  
  19  1:46  SCV  
  20  1:59  SCV, Bunker  
  20  2:00  Marine  
  22  2:11  SCV  
  23  2:19  Factory  
  23  2:23  SCV  
  23  2:26  Marine  
  25  2:35  SCV  
  26  2:45  Supply Depot  
  26  2:47  SCV  
  27  2:52  Marine  
  28  3:19  Starport  
  28  3:21  Starport  
  28  3:40  Orbital Command  
  28  3:42  Factory Tech Lab  
  28  3:51  Supply Depot  
  28  3:58  Supply Depot  
  28  4:07  Siege Tank  
  31  4:11  Starport Tech Lab  
  31  4:12  Starport Tech Lab  
  31  4:30  Supply Depot  
  31  4:34  Banshee  
  31  4:36  Banshee  
  37  4:42  Cloaking Field  
  40  4:56  Supply Depot  
  40  4:58  SCV  
  41  5:16  Banshee  
  41  5:18  Banshee  
  44  5:35  Widow Mine  
  46  5:36  Engineering Bay  
  44  5:56  Widow Mine  
  46  6:18  Widow Mine  
  48  6:40  Siege Tank  
  48  7:12  Siege Tank  
  42  7:44  Siege Tank  
  42  7:51  Barracks Tech Lab  
  45  7:52  Missile Turret  
  45  7:53  Barracks  
  45  7:54  Missile Turret  
  45  7:57  Missile Turret x2  
  45  8:15  Barracks  
  45  8:16  Siege Tank  
  43  8:24  Marine  
  35  8:41  Marine  
  35  8:48  Missile Turret  
  39  8:59  Marine  
Show
View Real Time Build Order
Export as new Build Order

fruitcake Terran - Winner!

Build Orders: Mech 

Get SALT Encoding   

  12  0:01  SCV  
  13  0:14  Supply Depot  
  13  0:17  SCV  
  14  0:27  Refinery  
  14  0:29  SCV  
  15  0:41  SCV  
  16  0:48  Barracks  
  16  0:53  SCV  
  17  1:06  SCV  
  18  1:18  SCV  
  19  1:25  Refinery  
  19  1:30  SCV  
  20  1:35  Marine  
  21  1:42  SCV  
  21  1:43  Supply Depot  
  22  1:51  Factory  
  22  1:58  Factory  
  23  2:01  SCV  
  23  2:06  Marine  
  24  2:13  SCV  
  25  2:24  Marine  
  26  2:47  Command Center  
  26  2:50  Supply Depot  
  26  2:55  SCV  
  26  2:57  Factory Tech Lab  
  27  3:05  Supply Depot  
  26  3:08  Barracks Reactor  
  26  3:21  Starport  
  26  3:23  Siege Tank  
  29  3:34  Orbital Command  
  29  3:42  Engineering Bay  
  29  3:45  Marine x2  
  34  3:55  Siege Tank  
  34  4:01  SCV  
  35  4:04  SCV  
  36  4:10  Terran Infantry Weapons Level 1, Liberator  
  36  4:13  SCV  
  36  4:16  SCV  
  38  4:17  Marine x2  
  40  4:25  SCV  
  44  4:37  SCV  
  45  4:39  Marine x2  
  47  5:02  Marine x2  
  49  5:13  Starport Reactor, Starport  
  49  5:17  Factory  
  49  5:19  Marine  
  49  5:20  Marine  
  39  6:05  Marine x2  
  37  6:23  Marine x2  
  31  6:41  Marine x2  
  27  6:58  Marine  
  27  6:59  Marine  
  29  7:02  Viking x2  
  33  7:10  Missile Turret  
  33  7:13  Missile Turret  
  29  7:23  Barracks Tech Lab  
  29  7:42  SCV x2  
  31  7:51  Starport Tech Lab  
  31  7:55  SCV  
  32  8:07  SCV  
  32  8:12  Missile Turret  
  33  8:19  SCV  
  32  8:31  SCV  
  33  8:39  Marine  
  32  8:58  Marauder  
Tags
 
Composition
Mech
Matchup
TvT
Race
Terran
Spawn Locations
Cross Positions
Add a new tag
Caveats
  • Supply blocks, unpowered buildings, or Contaminate may cause inaccurate times.
  • Supply counts are checked every 10 seconds.